[Event "ICC tourney 2768 (30 10)"]
[Site "Internet Chess Club"]
[Date "2021.12.18"]
[Round "3"]
[White "EISENMAN, KATHERINE:kgeisenman32"]
[Black "CAO, DANIEL:danielcao"]
[Result "1-0"]
[ICCResult "Black resigns"]
[WhiteElo "1483"]
[BlackElo "1271"]
[Opening "Grünfeld with Bf4 & e3"]
[ECO "D93"]
[NIC "GI.07"]
[Time "17:00:30"]
[PlyCount "37"]
[TimeControl "1800+10"]

1. d4 Nf6 2. c4 g6 3. Nc3 d5 4. Nf3 Bg7 5. Bf4 O-O 6. e3 c6 7. h3 Nbd7 8.
Be2 e6 9. O-O c5 10. Bd6 cxd4 11. Bxf8 dxc3 12. Bxg7 cxb2 13. Rb1 Kxg7 14.
Rxb2 Nc5 15. Qd4 Bd7 16. Qxc5 Ne4 17. Qd4+ Qf6 18. Qxf6+ Nxf6 19. Rxb7
{Black resigns}
1-0

[Event "ICC tourney 2768 (30 10)"]
[Site "Internet Chess Club"]
[Date "2021.12.18"]
[Round "3"]
[White "BOGIN, THEODORE:tbogin1"]
[Black "VYAKARANAM, AARUSH:AarushV5"]
[Result "1-0"]
[ICCResult "Black checkmated"]
[WhiteElo "1655"]
[BlackElo "686"]
[Opening "King's pawn game"]
[ECO "C50"]
[NIC "IG.03"]
[Time "17:00:29"]
[PlyCount "49"]
[TimeControl "1800+10"]

1. e4 e5 2. Nf3 Nc6 3. Bc4 h6 4. d4 exd4 5. Nxd4 Bc5 6. Nxc6 bxc6 7. Qh5 g6
8. Qxc5 Ne7 9. Qd4 O-O 10. Bxh6 Nf5 11. exf5 Re8+ 12. Kf1 Re1+ 13. Kxe1 Qe7+
14. Kf1 Qf8 15. Bxf8 Kxf8 16. f6 d5 17. Qh4 Ke8 18. Qh8+ Kd7 19. Qf8 Ke6 20.
Qe7+ Kf5 21. Bd3+ Kg5 22. Qe5+ Bf5 23. h4+ Kh5 24. g4+ Kxg4 25. Be2#
{Black checkmated}
1-0

[Event "ICC tourney 2768 (30 10)"]
[Site "Internet Chess Club"]
[Date "2021.12.18"]
[Round "3"]
[White "Thomas, Mitchell:byumitchell"]
[Black "HE, EDEN:edenhe"]
[Result "1-0"]
[ICCResult "Black checkmated"]
[WhiteElo "1259"]
[BlackElo "1480"]
[Opening "French: Wing gambit"]
[ECO "C00"]
[NIC "FR.01"]
[Time "17:00:30"]
[PlyCount "65"]
[TimeControl "1800+10"]

1. e4 e6 2. Nf3 d5 3. e5 c5 4. b4 Qb6 5. bxc5 Bxc5 6. d4 Bb4+ 7. c3 Be7 8.
Bd3 Nc6 9. O-O Bd7 10. Na3 Bxa3 11. Bxa3 Nge7 12. Bd6 h6 13. Rb1 Qd8 14. Nh4
O-O 15. Nf3 Na5 16. Nd2 Re8 17. f4 Nc8 18. Bc5 b6 19. Ba3 Ne7 20. Qh5 Nf5
21. Bxf5 exf5 22. Rf3 Be6 23. Rg3 Kh7 24. Rh3 Rc8 25. Rf1 f6 26. Rff3 fxe5
27. dxe5 d4 28. Rfg3 Qd7 29. Qg6+ Kh8 30. Rxh6+ gxh6 31. Qxh6+ Qh7 32. Qf6+
Qg7 33. Qxg7# {Black checkmated} 1-0

[Event "ICC tourney 2768 (30 10)"]
[Site "Internet Chess Club"]
[Date "2021.12.18"]
[Round "3"]
[White "GILLMAN, JONES:JonesGill"]
[Black "SHANMUGAM, MEERA:K05-16606945"]
[Result "1-0"]
[ICCResult "Black checkmated"]
[WhiteElo "1516"]
[BlackElo "1371"]
[Opening "Queen's pawn: Chigorin variation"]
[ECO "D00"]
[NIC "QP.08"]
[Time "17:00:34"]
[PlyCount "73"]
[TimeControl "1800+10"]

1. d4 d5 2. Nc3 Nf6 3. Bf4 Bf5 4. f3 e6 5. g4 Bg6 6. h4 h5 7. g5 Nfd7 8. e3
Nc6 9. Nb5 Rc8 10. Bd3 Bxd3 11. Qxd3 a6 12. Nc3 Nb6 13. a3 Bd6 14. Nge2 g6
15. b3 Qe7 16. Kf2 Bxa3 17. e4 dxe4 18. Nxe4 Nd7 19. N2c3 Bb2 20. Rad1 e5
21. Nd5 Bxd4+ 22. Kg2 Qe6 23. Ndf6+ Nxf6 24. Nxf6+ Kf8 25. Rhe1 Qd6 26. Bg3
Kg7 27. c3 Bc5 28. Qc4 Qe7 29. Rd7 b5 30. Qd5 Qf8 31. Qxc6 Bd6 32. Bxe5 Bxe5
33. Rxe5 Qa3 34. Nxh5+ Rxh5 35. Qf6+ Kg8 36. Qxf7+ Kh8 37. Qg7#
{Black checkmated}
1-0

[Event "ICC tourney 2768 (30 10)"]
[Site "Internet Chess Club"]
[Date "2021.12.18"]
[Round "3"]
[White "HAMLETT, JAMES MORRISON:Hamlett144"]
[Black "Mason, Nelson:nelsonmason"]
[Result "1-0"]
[ICCResult "Black resigns"]
[WhiteElo "1200"]
[BlackElo "1460"]
[Opening "Sicilian: closed"]
[ECO "B23"]
[NIC "SI.44"]
[Time "17:00:35"]
[PlyCount "69"]
[TimeControl "1800+10"]

1. e4 c5 2. Nc3 e6 3. Nf3 d5 4. exd5 exd5 5. Bb5+ Bd7 6. Qe2+ Qe7 7. Nxd5
Qxe2+ 8. Bxe2 Bd6 9. d4 Nc6 10. Be3 O-O-O 11. dxc5 Bb8 12. O-O-O Nge7 13.
Nxe7+ Nxe7 14. Ng5 Be6 15. Nxe6 fxe6 16. Bg4 Nf5 17. Bxf5 exf5 18. Rxd8+
Rxd8 19. Rd1 f4 20. Rxd8+ Kxd8 21. Bd4 g6 22. Kd2 h5 23. Ke2 Kd7 24. Kf3 g5
25. h3 Kc6 26. b4 Kd5 27. Bf6 g4+ 28. hxg4 hxg4+ 29. Kxg4 Ke4 30. f3+ Ke3
31. a4 Kf2 32. Bg5 Kxg2 33. Bxf4 Bxf4 34. Kxf4 Kf2 35. Ke4 {Black resigns}
1-0

[Event "ICC tourney 2768 (30 10)"]
[Site "Internet Chess Club"]
[Date "2021.12.18"]
[Round "3"]
[White "HERREROS, STEPHEN:alekhine1031"]
[Black "SUDHAKAR, SNEGAPRANEETH :Ninthexpert"]
[Result "1-0"]
[ICCResult "Black checkmated"]
[WhiteElo "1466"]
[BlackElo "1208"]
[Opening "Réti: Nimzovich-Larsen attack"]
[ECO "A06"]
[NIC "QP.09"]
[Time "17:00:33"]
[PlyCount "119"]
[TimeControl "1800+10"]

1. Nf3 d5 2. b3 Nc6 3. Bb2 Bg4 4. e3 Nf6 5. Be2 e6 6. d3 Bd6 7. Nbd2 e5 8.
O-O Qd7 9. c4 Ne7 10. Nxe5 Bxe5 11. Bxe5 O-O-O 12. Bxf6 Bxe2 13. Qxe2 gxf6
14. d4 Rhg8 15. cxd5 Qxd5 16. Qf3 Qg5 17. Ne4 Qd5 18. Qh3+ Qd7 19. Qxd7+
Rxd7 20. Nxf6 Rdd8 21. Nxg8 Rxg8 22. Rfc1 Nf5 23. g3 Nd6 24. f3 Re8 25. Kf2
Nf5 26. Rc3 Kd7 27. Rd1 Re6 28. e4 Ne7 29. d5 Rh6 30. h4 Ra6 31. Rc2 Ng6 32.
Rdc1 c6 33. dxc6+ bxc6 34. f4 Rb6 35. Rd2+ Ke7 36. Rcd1 Nf8 37. Ke3 Ra6 38.
Kd3 Nd7 39. Kc4 Nf6 40. Kd3 Nd7 41. Ke3 Nf6 42. Kf3 Rb6 43. g4 Rb4 44. Rd4
Rb5 45. g5 Ne8 46. Rd7+ Kf8 47. Rxa7 Rc5 48. Rdd7 Rc3+ 49. Kg4 f6 50. Rf7+
Kg8 51. Rxh7 Re3 52. Rae7 Kf8 53. Rhf7+ Kg8 54. g6 Nd6 55. Rh7 f5+ 56. exf5
Rxe7 57. Rxe7 Nb5 58. f6 Nd6 59. Rd7 Ne4 60. Rd8# {Black checkmated} 1-0

[Event "ICC tourney 2768 (30 10)"]
[Site "Internet Chess Club"]
[Date "2021.12.18"]
[Round "3"]
[White "Doan Giang, Nguyen Doan:Doctorstrange04"]
[Black "HOSSAIN, AZHER:Azher2009"]
[Result "1-0"]
[ICCResult "Black forfeits on time"]
[WhiteElo "1575"]
[BlackElo "1650"]
[Opening "Queen's pawn, Mason variation"]
[ECO "D00"]
[NIC "QP.08"]
[Time "17:00:32"]
[PlyCount "131"]
[TimeControl "1800+10"]

1. d4 d5 2. Bf4 Nf6 3. e3 e6 4. Nd2 c5 5. c3 Bd6 6. Bg3 O-O 7. Ngf3 Qc7 8.
Bd3 Nbd7 9. O-O e5 10. dxe5 Nxe5 11. Bxe5 Bxe5 12. Nxe5 Qxe5 13. Nf3 Qe7 14.
h3 Be6 15. Qc2 h6 16. Rfd1 Rfd8 17. Rd2 Rac8 18. Rad1 d4 19. exd4 cxd4 20.
Qa4 dxc3 21. bxc3 a6 22. Qa5 Kh8 23. Nd4 Rc5 24. Qb4 Nd5 25. Qa3 Nxc3 26.
Nxe6 fxe6 27. Bc2 Rxd2 28. Rxd2 Nd5 29. Qd3 Kg8 30. Qh7+ Kf7 31. Qg6+ Kf8
32. Rd3 Nf6 33. Rg3 Qc7 34. Bb3 Rc1+ 35. Kh2 Rc3 36. Bxe6 Rxg3 37. fxg3 Qe7
38. Bb3 Qd7 39. Qc2 Ke7 40. Qc4 Kd8 41. Qc5 Qe7 42. Qb6+ Qc7 43. Qb4 Qe7 44.
Qc4 Qc7 45. Qb4 Qe7 46. Qb6+ Qc7 47. Qa7 Kd7 48. Ba4+ b5 49. Qd4+ Qd6 50.
Qa7+ Qc7 51. Qxa6 bxa4 52. Qxa4+ Qc6 53. Qb3 Qe6 54. Qb7+ Ke8 55. Qxg7 Nd7
56. a4 Qa6 57. Qg4 Ke7 58. Qg7+ Ke8 59. Qd4 Ke7 60. Qb4+ Ke8 61. a5 Kf7 62.
h4 Ke8 63. Qd2 Ke7 64. Qd5 Ke8 65. g4 Ke7 66. Kh3 {Black forfeits on time}
1-0

[Event "ICC tourney 2768 (30 10)"]
[Site "Internet Chess Club"]
[Date "2021.12.18"]
[Round "3"]
[White "SAPRU, AGASTYA:auggie29"]
[Black "JIMENEZ, LUIS A:eltuna"]
[Result "1-0"]
[ICCResult "Black checkmated"]
[WhiteElo "1475"]
[BlackElo "1513"]
[Opening "Queen's pawn, Mason variation"]
[ECO "D00"]
[NIC "QP.08"]
[Time "17:00:34"]
[PlyCount "71"]
[TimeControl "1800+10"]

1. d4 d5 2. Bf4 c6 3. Nf3 Qb6 4. b3 Bf5 5. e3 Nf6 6. c4 e6 7. Bd3 Bb4+ 8.
Ke2 Bxd3+ 9. Qxd3 Nbd7 10. c5 Qd8 11. a3 Ba5 12. b4 Bc7 13. Bg3 O-O 14. Re1
h6 15. Kf1 Bxg3 16. hxg3 Re8 17. Nc3 e5 18. dxe5 Nxe5 19. Nxe5 Rxe5 20. Rad1
Qd7 21. e4 Qg4 22. exd5 Rh5 23. Kg1 cxd5 24. Qb5 d4 25. Qxb7 Rd8 26. Qxa7 d3
27. Qc7 Rd4 28. Qc6 Rf5 29. Rd2 Qh5 30. f3 Qg5 31. Red1 Qxg3 32. Qc8+ Kh7
33. Qxf5+ Kg8 34. Rxd3 Rh4 35. Rd8+ Ne8 36. Rxe8# {Black checkmated} 1-0

[Event "ICC tourney 2768 (30 10)"]
[Site "Internet Chess Club"]
[Date "2021.12.18"]
[Round "3"]
[White "AYYAPPAN, SANTHOSH:SanthoshA"]
[Black "VAZQUEZ, DANIEL ORLANDO:Nacaroa-Dan"]
[Result "0-1"]
[ICCResult "White checkmated"]
[WhiteElo "1643"]
[BlackElo "1660"]
[Opening "Dutch with c4 & Nc3"]
[ECO "A85"]
[NIC "HD.05"]
[Time "17:00:35"]
[PlyCount "166"]
[TimeControl "1800+10"]

1. d4 f5 2. c4 Nf6 3. Nc3 e6 4. Nf3 Bb4 5. Qc2 O-O 6. e3 Ne4 7. Bd3 Bxc3+ 8.
bxc3 Nf6 9. O-O d6 10. Rb1 b6 11. Ba3 Bb7 12. Nd2 Nbd7 13. f3 c5 14. Nb3 Qe7
15. e4 fxe4 16. fxe4 e5 17. Rbe1 Ng4 18. Qe2 Qg5 19. Bc1 Qg6 20. h3 Rxf1+
21. Rxf1 Ngf6 22. Re1 Rf8 23. Bb2 Nh5 24. Bc1 Ndf6 25. d5 Ng3 26. Qe3 Bc8
27. Qg5 Qxg5 28. Bxg5 h6 29. Bd2 g5 30. Kh2 Ngh5 31. g4 Nf4 32. Bxf4 gxf4
33. Rg1 Nh7 34. Nd2 Kf7 35. Nf3 Ng5 36. Nxg5+ hxg5 37. Rf1 Rh8 38. Kg2 Ke7
39. a4 Kd8 40. a5 bxa5 41. Ra1 Kc7 42. Rxa5 a6 43. Be2 Bb7 44. Bd1 Kb6 45.
Ra1 a5 46. Rb1+ Kc7 47. Ba4 Ra8 48. h4 gxh4 49. Kh3 Ba6 50. Bc6 Rh8 51. Ra1
Bxc4 52. Rxa5 Bf1+ 53. Kh2 Kb6 54. Ra1 Bd3 55. Re1 f3 56. Kg1 h3 57. Kf2 h2
58. Rh1 Rh3 59. g5 Bxe4 60. Bd7 Rh7 61. Be6 Kb5 62. g6 Bxg6 63. Kxf3 Kc4 64.
Kg3 Be4 65. Rxh2 Rxh2 66. Kxh2 Bxd5 67. Bf5 Kxc3 68. Kg3 Kd2 69. Kf2 c4 70.
Bg6 c3 71. Bh7 c2 72. Bxc2 Kxc2 73. Ke3 Kc3 74. Ke2 Bc4+ 75. Kd1 d5 76. Kc1
d4 77. Kd1 d3 78. Kc1 d2+ 79. Kd1 Bb3+ 80. Ke2 d1=Q+ 81. Ke3 Qd4+ 82. Ke2
Bc4+ 83. Ke1 Qd2# {White checkmated} 0-1

[Event "ICC tourney 2768 (30 10)"]
[Site "Internet Chess Club"]
[Date "2021.12.18"]
[Round "3"]
[White "Mason, Mike W:MikeWMason"]
[Black "SKARIAH, ANUSHKA ELIZABETH:kskariah"]
[Result "1-0"]
[ICCResult "Black checkmated"]
[WhiteElo "1604"]
[BlackElo "1536"]
[Opening "French: King's Indian attack"]
[ECO "C00"]
[NIC "FR.02"]
[Time "17:01:25"]
[PlyCount "131"]
[TimeControl "1800+10"]

1. e4 e6 2. d3 d5 3. Nd2 Nf6 4. Ngf3 c6 5. g3 Bc5 6. Bg2 d4 7. e5 Nd5 8. Ne4
Bb6 9. Nd6+ Kf8 10. Ng5 Ba5+ 11. Kf1 Qd7 12. Ngxf7 Kg8 13. Qf3 Bc7 14. Nxh8
Bxd6 15. exd6 Nf6 16. Bg5 Qd8 17. Bxf6 Qxf6 18. Re1 Kxh8 19. Re4 Qxf3 20.
Bxf3 Na6 21. Kg2 Bd7 22. Rhe1 Nc5 23. Rxd4 b6 24. b4 Nb7 25. Bg4 Re8 26. c4
Kg8 27. Rde4 Nd8 28. c5 b5 29. a4 a6 30. R4e2 g6 31. Ra2 Bc8 32. axb5 cxb5
33. Bf3 Nf7 34. Bc6 Rd8 35. d4 Nxd6 36. cxd6 Rxd6 37. d5 Kf8 38. Ba8 Ke7 39.
dxe6 Bxe6 40. Rae2 Kf7 41. Rxe6 Rxe6 42. Rxe6 Kxe6 43. Bb7 Ke5 44. Bxa6 Kd4
45. Bxb5 Kc3 46. Kf3 Kxb4 47. Bd3 Kc5 48. Ke4 Kd6 49. Bc4 h6 50. Bf7 g5 51.
Kf5 Ke7 52. Bh5 Kf8 53. Kg6 Kg8 54. Kxh6 Kh8 55. Kxg5 Kh7 56. Kf6 Kh6 57. g4
Kh7 58. Kf7 Kh8 59. f4 Kh7 60. f5 Kh8 61. f6 Kh7 62. Ke7 Kh8 63. g5 Kh7 64.
f7 Kh8 65. f8=Q+ Kh7 66. g6# {Black checkmated} 1-0

[Event "ICC tourney 2768 (30 10)"]
[Site "Internet Chess Club"]
[Date "2021.12.18"]
[Round "3"]
[White "BRUDNO, STEPHEN:StevChess01"]
[Black "MOHAN, SHANKARA:BellaVista"]
[Result "1/2-1/2"]
[ICCResult "Game drawn by mutual agreement"]
[WhiteElo "1478"]
[BlackElo "1228"]
[Opening "QGD: exchange, positional line"]
[ECO "D35"]
[NIC "QO.16"]
[Time "17:01:23"]
[PlyCount "145"]
[TimeControl "1800+10"]

1. d4 d5 2. c4 e6 3. Nc3 Nf6 4. cxd5 exd5 5. Bg5 Be7 6. e3 O-O 7. Bd3 Nbd7
8. Qc2 h6 9. Bh4 b6 10. Nf3 c5 11. b3 Bb7 12. O-O Rc8 13. Rac1 Re8 14. Bg3
Nf8 15. Qb1 Ne6 16. Rfd1 cxd4 17. exd4 a6 18. Ne5 Bd6 19. f4 Nf8 20. Bf5 Rc7
21. Na4 b5 22. Rxc7 Qxc7 23. Rc1 Qa5 24. Nc5 Bxc5 25. Rxc5 Ne6 26. Bxe6 Rxe6
27. Be1 Qb6 28. Qd1 Ne4 29. Rc1 f6 30. Nd7 Qd6 31. Nc5 Nxc5 32. Rxc5 Qxf4
33. Bg3 Qe3+ 34. Bf2 Qe4 35. Rc1 Re8 36. Qf3 Qxf3 37. gxf3 Rc8 38. Re1 Kf7
39. Re2 Rc3 40. Kg2 Bc8 41. Rd2 Bf5 42. Rb2 g5 43. b4 Ra3 44. Bg1 Rc3 45.
Bf2 h5 46. Be1 Rc4 47. Bf2 h4 48. Bg1 Rc3 49. Bf2 h3+ 50. Kg3 g4 51. Rb3
Rxb3 52. axb3 gxf3 53. Kxf3 Bc2 54. Kg3 Bxb3 55. Kxh3 Bc2 56. Be1 Bf5+ 57.
Kg3 Kg6 58. Kf4 Bd3 59. Kg4 Kh6 60. Bd2+ Kg6 61. Kf4 Be2 62. Ke3 Bg4 63. Kf4
Bd7 64. Kg3 Kf5 65. Kf3 Be8 66. Bf4 Bh5+ 67. Ke3 Kg4 68. Bc7 f5 69. Bd6 Kg5
70. Bf4+ Kf6 71. Be5+ Kg6 72. Kf4 Bd1 73. Bc7 {Game drawn by mutual
agreement} 1/2-1/2

[Event "ICC tourney 2768 (30 10)"]
[Site "Internet Chess Club"]
[Date "2021.12.18"]
[Round "4"]
[White "HE, EDEN:edenhe"]
[Black "TERANCE JOE HESTON, NITISH JOSON:Nitish1005"]
[Result "1-0"]
[ICCResult "Black resigns"]
[WhiteElo "1480"]
[BlackElo "1050"]
[Opening "Sicilian defense"]
[ECO "B30"]
[NIC "SI.31"]
[Time "19:01:02"]
[PlyCount "53"]
[TimeControl "1800+10"]

1. e4 c5 2. Nf3 Nc6 3. Nc3 d6 4. d4 cxd4 5. Nxd4 e5 6. Nb3 Nf6 7. Be3 Be6 8.
f3 Be7 9. Qd2 O-O 10. O-O-O a6 11. g4 b5 12. h4 b4 13. Na4 Qd7 14. Nb6 Qb7
15. Nxa8 Qxa8 16. h5 a5 17. g5 Nd7 18. g6 h6 19. Bxh6 gxh6 20. Qxh6 Nf6 21.
Bb5 Rc8 22. gxf7+ Kxf7 23. Qg6+ Kf8 24. h6 Bf7 25. Qg7+ Ke8 26. h7 Kd7 27.
Qxf7 {Black resigns} 1-0

[Event "ICC tourney 2768 (30 10)"]
[Site "Internet Chess Club"]
[Date "2021.12.18"]
[Round "4"]
[White "CAO, DANIEL:danielcao"]
[Black "SHAH-GUSTAFSSON, LINNEA:Saga44"]
[Result "1-0"]
[ICCResult "Black resigns"]
[WhiteElo "1271"]
[BlackElo "1126"]
[Opening "Petrov: Nimzovich attack"]
[ECO "C42"]
[NIC "RG.03"]
[Time "19:01:02"]
[PlyCount "77"]
[TimeControl "1800+10"]

1. e4 e5 2. Nf3 Nf6 3. Nxe5 d6 4. Nf3 Nxe4 5. Nc3 Nxc3 6. dxc3 Bg4 7. Bc4
Nc6 8. O-O Be7 9. Re1 Ne5 10. Nxe5 Bxd1 11. Nxf7 Qd7 12. Nxh8 Qc6 13. Bb3
Bh5 14. Bg5 O-O-O 15. Rxe7 Rxh8 16. Rae1 Re8 17. Rxe8+ Bxe8 18. h3 h6 19.
Re7 hxg5 20. Be6+ Kb8 21. Bd5 Qd7 22. Rxd7 Bxd7 23. Kh2 c6 24. Bb3 d5 25.
Kg3 b5 26. h4 gxh4+ 27. Kxh4 g6 28. Kg5 Bf5 29. f3 a5 30. a4 b4 31. cxb4
axb4 32. g4 Bxc2 33. Bxc2 d4 34. Kxg6 c5 35. Kf5 c4 36. Ke4 d3 37. Bxd3 c3
38. bxc3 bxc3 39. g5 {Black resigns} 1-0

[Event "ICC tourney 2768 (30 10)"]
[Site "Internet Chess Club"]
[Date "2021.12.18"]
[Round "4"]
[White "SHANMUGAM, MEERA:K05-16606945"]
[Black "HAMLETT, JAMES MORRISON:Hamlett144"]
[Result "0-1"]
[ICCResult "White checkmated"]
[WhiteElo "1371"]
[BlackElo "1200"]
[Opening "French: Tarrasch, closed variation"]
[ECO "C05"]
[NIC "FR.16"]
[Time "19:00:59"]
[PlyCount "104"]
[TimeControl "1800+10"]

1. e4 e6 2. d4 d5 3. Nd2 Nf6 4. e5 Nfd7 5. c4 c5 6. Ndf3 cxd4 7. Qxd4 Nc6 8.
Qe3 Bc5 9. Qe2 d4 10. Bf4 Qa5+ 11. Bd2 Nb4 12. Bxb4 Bxb4+ 13. Nd2 Nxe5 14.
a3 d3 15. Qd1 Bxd2+ 16. Qxd2 Qxd2+ 17. Kxd2 Nxc4+ 18. Kc3 Ne5 19. Bxd3 Nxd3
20. Kxd3 b6 21. Nf3 Ba6+ 22. Kd2 O-O-O+ 23. Ke1 h6 24. Ne5 Rhf8 25. Ra2 Kb7
26. b3 Rd5 27. Nf3 Rfd8 28. Nd2 Re5+ 29. Kd1 Re2 30. Rf1 Rexd2+ 31. Rxd2
Rxd2+ 32. Kxd2 Bxf1 33. g3 Kc6 34. Kc3 a6 35. a4 e5 36. f3 f5 37. h4 g5 38.
h5 f4 39. gxf4 exf4 40. Kd4 Bg2 41. Ke4 Kc5 42. Kf5 Bxf3 43. Kg6 Bd5 44.
Kxh6 f3 45. Kxg5 f2 46. h6 f1=Q 47. h7 Qg2+ 48. Kf6 Qf3+ 49. Kg6 Qg4+ 50.
Kh6 Qh4+ 51. Kg7 Qg5+ 52. Kh8 Qf6# {White checkmated} 0-1

[Event "ICC tourney 2768 (30 10)"]
[Site "Internet Chess Club"]
[Date "2021.12.18"]
[Round "4"]
[White "SUDHAKAR, SNEGAPRANEETH :Ninthexpert"]
[Black "MA, JIN:K05-16813308"]
[Result "0-1"]
[ICCResult "White checkmated"]
[WhiteElo "1208"]
[BlackElo "947"]
[Opening "QGD: 4.Bg5"]
[ECO "D50"]
[NIC "QO.16"]
[Time "19:01:02"]
[PlyCount "106"]
[TimeControl "1800+10"]

1. d4 d5 2. c4 e6 3. Nc3 Nf6 4. Bg5 h6 5. Bf4 c5 6. e3 Nc6 7. Qa4 Bd7 8. Qc2
cxd4 9. cxd5 exd5 10. exd4 Nxd4 11. Qd3 Qe7+ 12. Be3 Nf5 13. Nf3 Nxe3 14.
fxe3 Qe6 15. O-O-O Bc6 16. Nd4 Qe5 17. Be2 O-O-O 18. Bf3 Bc5 19. h3 Rhe8 20.
Rhe1 Rd6 21. Qf5+ Kc7 22. Qxe5 Rxe5 23. Ncb5+ Bxb5 24. Nxb5+ Kc6 25. Nxd6
Kxd6 26. e4 d4 27. Rd3 Kc7 28. Kb1 b5 29. Rc1 Kb6 30. b4 Bxb4 31. Rxd4 Bc5
32. Rd8 Nxe4 33. Bxe4 Rxe4 34. Rd7 Ba3 35. Rcc7 Re1+ 36. Kc2 Rc1+ 37. Kb3
Rxc7 38. Rxc7 Kxc7 39. Kxa3 Kc6 40. Kb4 f5 41. g3 g5 42. a3 h5 43. Kc3 g4
44. hxg4 fxg4 45. Kb4 h4 46. gxh4 g3 47. h5 g2 48. h6 g1=Q 49. h7 Qh1 50.
Ka5 Qxh7 51. Ka6 Qb7+ 52. Ka5 Kc5 53. a4 Qb6# {White checkmated} 0-1

[Event "ICC tourney 2768 (30 10)"]
[Site "Internet Chess Club"]
[Date "2021.12.18"]
[Round "4"]
[White "RAIFE, ASHOK:ashokbidani"]
[Black "Thomas, Mitchell:byumitchell"]
[Result "1-0"]
[ICCResult "Black resigns"]
[WhiteElo "1644"]
[BlackElo "1259"]
[Opening "Scandinavian defense"]
[ECO "B01"]
[NIC "SD.03"]
[Time "19:01:01"]
[PlyCount "91"]
[TimeControl "1800+10"]

1. e4 d5 2. exd5 Nf6 3. Nc3 Bg4 4. Be2 Bxe2 5. Qxe2 Nxd5 6. Qb5+ c6 7. Qxb7
Nb6 8. d3 e6 9. Be3 Qd7 10. Qxd7+ N8xd7 11. Nf3 e5 12. O-O-O Bb4 13. Ne4 Be7
14. d4 f6 15. dxe5 Nxe5 16. Nxe5 fxe5 17. Nd6+ Bxd6 18. Rxd6 Nc4 19. Rxc6
Nxe3 20. fxe3 O-O 21. Re6 Rf2 22. Rxe5 Rc8 23. c3 Rb8 24. b4 Rxa2 25. Rd1
Ra1+ 26. Kc2 Ra2+ 27. Kb3 Rxg2 28. Re7 a5 29. Rdd7 axb4 30. cxb4 Rxh2 31.
Rxg7+ Kh8 32. Rb7 Rc8 33. b5 Rh1 34. Kb4 Ra8 35. Kc5 Rh6 36. Ra7 Rh5+ 37.
Kc6 Re8 38. Rge7 Rh6+ 39. Kd7 Rb8 40. Re8+ Rxe8 41. Kxe8 Rb6 42. Kf7 h5 43.
Ra6 Rb7+ 44. Kg6 Rg7+ 45. Kxh5 Kh7 46. Rh6+ {Black resigns} 1-0

[Event "ICC tourney 2768 (30 10)"]
[Site "Internet Chess Club"]
[Date "2021.12.18"]
[Round "4"]
[White "MOHAN, SHANKARA:BellaVista"]
[Black "BOGIN, THEODORE:tbogin1"]
[Result "1-0"]
[ICCResult "Black resigns"]
[WhiteElo "1228"]
[BlackElo "1655"]
[Opening "Sicilian defense"]
[ECO "B20"]
[NIC "SI.48"]
[Time "19:01:01"]
[PlyCount "57"]
[TimeControl "1800+10"]

1. e4 c5 2. Bc4 d6 3. Nc3 Nf6 4. Nf3 a6 5. a4 Nc6 6. O-O Bg4 7. h3 Bh5 8.
Re1 e5 9. g4 Nxg4 10. hxg4 Bxg4 11. Be2 h5 12. Nh2 Bxe2 13. Qxe2 g5 14. Nd5
g4 15. c3 Qh4 16. Kh1 O-O-O 17. Rg1 Bh6 18. d3 Bxc1 19. Raxc1 Ne7 20. Nxe7+
Qxe7 21. Rg3 f5 22. exf5 Qg5 23. Rcg1 Qxf5 24. f3 Rdg8 25. Qe4 Qxe4 26. dxe4
h4 27. Rxg4 Rxg4 28. Rxg4 h3 29. Kg1 {Black resigns} 1-0

[Event "ICC tourney 2768 (30 10)"]
[Site "Internet Chess Club"]
[Date "2021.12.18"]
[Round "4"]
[White "EISENMAN, KATHERINE:kgeisenman32"]
[Black "AYYAPPAN, SANTHOSH:SanthoshA"]
[Result "0-1"]
[ICCResult "White resigns"]
[WhiteElo "1483"]
[BlackElo "1643"]
[Opening "Nimzo-Indian defense"]
[ECO "E20"]
[NIC "NI.30"]
[Time "19:00:57"]
[PlyCount "110"]
[TimeControl "1800+10"]

1. d4 Nf6 2. c4 e6 3. Nc3 Bb4 4. Bd2 O-O 5. Nf3 c5 6. e3 Nc6 7. a3 Bxc3 8.
Bxc3 cxd4 9. Nxd4 d5 10. Be2 Ne4 11. Qc2 Nxc3 12. Qxc3 Nxd4 13. Qxd4 dxc4
14. Qxc4 Qg5 15. Qg4 Qe5 16. Rb1 Qa5+ 17. Kf1 e5 18. Qe4 g6 19. Rd1 Bf5 20.
Qd5 Qxd5 21. Rxd5 f6 22. Bc4 Be6 23. Rc5 Bxc4+ 24. Rxc4 Rac8 25. Rxc8 Rxc8
26. g3 Rc2 27. b4 Ra2 28. Kg2 Rxa3 29. Rc1 b6 30. Rc8+ Kg7 31. Rc7+ Kh6 32.
Rc6 f5 33. h3 Rb3 34. Rc7 Rxb4 35. Rxa7 b5 36. Rb7 Rb1 37. h4 b4 38. Kf3 e4+
39. Ke2 b3 40. Kd2 b2 41. Ke2 g5 42. hxg5+ Kxg5 43. Rg7+ Kh6 44. Rb7 Kg6 45.
Rb6+ Kg5 46. Rb7 Kg4 47. Rg7+ Kh3 48. Rxh7+ Kg2 49. Rb7 Rf1 50. g4 b1=Q 51.
Rxb1 Rxb1 52. g5 Rb2+ 53. Ke1 Rxf2 54. g6 Kf3 55. g7 Rg2 {White resigns} 0-1

[Event "ICC tourney 2768 (30 10)"]
[Site "Internet Chess Club"]
[Date "2021.12.18"]
[Round "4"]
[White "VAZQUEZ, DANIEL ORLANDO:Nacaroa-Dan"]
[Black "Doan Giang, Nguyen Doan:Doctorstrange04"]
[Result "0-1"]
[ICCResult "White checkmated"]
[WhiteElo "1660"]
[BlackElo "1575"]
[Opening "Polish (Sokolsky) opening"]
[ECO "A00"]
[NIC "VO.10"]
[Time "19:01:00"]
[PlyCount "182"]
[TimeControl "1800+10"]

1. b4 Nf6 2. Bb2 g6 3. a3 Bg7 4. e3 O-O 5. c4 d6 6. Nf3 a5 7. b5 c6 8. a4 e5
9. Be2 Nbd7 10. O-O Ne8 11. Nc3 f5 12. d3 g5 13. Nd2 Rf7 14. f4 Nf8 15. Qe1
Ng6 16. Bh5 g4 17. Rc1 Nf6 18. Bxg6 hxg6 19. Ne2 Nh5 20. Ba3 Be6 21. Ng3
Nxg3 22. Qxg3 Qc7 23. e4 Bh6 24. fxe5 dxe5 25. Rcd1 f4 26. Qh4 Kg7 27. Nb3
b6 28. Bb2 Rh8 29. Qe1 cxb5 30. axb5 Bg5 31. Qc3 Bf6 32. Ba3 a4 33. Nd2 Rd7
34. Nb1 Qc8 35. Bb2 Rf7 36. g3 Qc5+ 37. Kg2 f3+ 38. Kh1 Kg8 39. Qd2 Rfh7 40.
Rf2 Rh5 41. Ba3 Qc7 42. Qb4 Kg7 43. Nc3 Bg5 44. Re1 Bf4 45. gxf4 g3 46. Rxf3
Rxh2+ 47. Kg1 Rh1+ 48. Kg2 Rxe1 49. Qd6 Qxd6 50. Bxd6 Rh2+ 51. Kxg3 Rc2 52.
Bxe5+ Kf7 53. f5 gxf5 54. Nxa4 Kg6 55. exf5+ Bxf5 56. Kf4 Rg2 57. Re3 Rf2+
58. Kg3 Rxe3+ 59. Kxf2 Rxe5 60. d4 Re4 61. Nxb6 Rxd4 62. Ke3 Rd3+ 63. Ke2
Rd8 64. Ke3 Bd3 65. Nd5 Bxc4 66. Ne7+ Kf6 67. Nc6 Rd3+ 68. Ke4 Bxb5 69. Nd4
Ba6 70. Nc6 Rd1 71. Nb4 Bb7+ 72. Ke3 Rh1 73. Nc2 Rh4 74. Nd4 Ke5 75. Nb5
Rh3+ 76. Kf2 Bc6 77. Nc7 Bd5 78. Nb5 Kf4 79. Nd4 Rh2+ 80. Ke1 Be4 81. Ne2+
Ke3 82. Ng3 Ra2 83. Nf1+ Kd4 84. Ng3 Bd3 85. Kd1 Kc3 86. Ke1 Kd4 87. Kd1 Ke3
88. Kc1 Rg2 89. Nh5 Rc2+ 90. Kd1 Rb2 91. Ng3 Rb1# {White checkmated} 0-1

[Event "ICC tourney 2768 (30 10)"]
[Site "Internet Chess Club"]
[Date "2021.12.18"]
[Round "4"]
[White "SKARIAH, ANUSHKA ELIZABETH:kskariah"]
[Black "HERREROS, STEPHEN:alekhine1031"]
[Result "1/2-1/2"]
[ICCResult "Game drawn by mutual agreement"]
[WhiteElo "1536"]
[BlackElo "1466"]
[Opening "Scandinavian: Pytel-Wade variation"]
[ECO "B01"]
[NIC "SD.02"]
[Time "19:01:01"]
[PlyCount "105"]
[TimeControl "1800+10"]

1. e4 d5 2. exd5 Qxd5 3. Nc3 Qd6 4. d4 c6 5. Bc4 Nf6 6. Nf3 Bg4 7. Be3 Nbd7
8. O-O e6 9. Qe2 Be7 10. Rad1 O-O 11. Bg5 Nb6 12. Bd3 Rfe8 13. Rfe1 Qb4 14.
Bc1 Rad8 15. a3 Qa5 16. h3 Bxf3 17. Qxf3 Nbd5 18. b4 Qc7 19. Nxd5 cxd5 20.
h4 h5 21. Bg5 Ng4 22. Qh3 Bxg5 23. hxg5 Qf4 24. Qxh5 Qxf2+ 25. Kh1 Ne3 26.
Re2 Qf4 27. Qh7+ Kf8 28. Rde1 Nf5 29. Bxf5 Qxf5 30. Qxf5 exf5 31. Rxe8+ Rxe8
32. Rxe8+ Kxe8 33. Kg1 Ke7 34. Kf2 f6 35. g6 b5 36. Kf3 a6 37. Kf4 Ke6 38.
g3 Ke7 39. Kxf5 Kd7 40. g4 Ke7 41. c3 Kd7 42. Kf4 Ke6 43. Kf3 f5 44. g5 Kd6
45. Kg3 Ke7 46. Kf4 Ke6 47. Ke3 Kd6 48. Kf3 Ke7 49. Kg3 Kd6 50. Kf4 Ke6 51.
Kf3 Kd6 52. Ke2 Ke7 53. Kf3 {Game drawn by mutual agreement} 1/2-1/2